[Event "10th Menchik Memorial 2025"]
[Site "London"]
[Date "2025.03.21"]
[Round "3.1"]
[White "Navrotescu, Andreea"]
[Black "Yao, Lan"]
[Result "1-0"]
[Annotator "TA"]
[ECO "D38"]
[WhiteElo "2288"]
[BlackElo "2294"]
[PlyCount "59"]
[EventDate "2025.03.11"]
[EventType "tourn"]
[EventCountry "ENG"]
[SourceTitle "playchess.com"]
[Source "ChessBase"]
[SourceQuality "1"]
[TimeControl "5400+30"]

1. d4 Nf6 2. c4 e6 3. Nf3 d5 4. Nc3 Bb4 5. cxd5 exd5 6. Bg5 h6 7. Bh4 g5 8. Bg3 Ne4 9. Nd2 Nxg3 10. hxg3 c6 {[%emt 0:00:23] D38: Queen's Gambit Declined: Ragozin Defence (4 Nf3 Bb4).} 11. Qc2 Be6 12. a3 Bxc3 {[%emt 0:01:26] The position is equal.} 13. bxc3 Nd7 14. e3 Qe7 $146 (14... Qc7 15. Bd3 O-O-O 16. c4 dxc4 17. Nxc4 Bd5 18. Be4 Kb8 19. Nd2 Bxe4 20. Qxe4 Qa5 {0-1 Nevin,T (2025)-Barrish,D (2281) Kimberley Extravaganza op 2024 (6)}) 15. Bd3 Kf8 16. O-O c5 (16... h5 $11) 17. f4 (17. Rab1 $16) 17... gxf4 $11 18. exf4 {[%emt 0:00:00] [#] Hoping for f5.} Bg4 19. Rae1 Qf6 20. dxc5 Nxc5 21. Re5 Rd8 22. Nb3 Qd6 (22... Nxb3 $11 {keeps the balance.} 23. Qxb3 b6) 23. Nd4 Nd7 24. Bf5 {[%emt 0:00:00] White is much more active.} Bxf5 {[%emt 0:03:25] Black cannot hold the game after this.} (24... Nxe5 $2 25. fxe5 Qxe5 (25... Bxf5 $2 26. Qxf5 Qe7 27. e6 $18) 26. Bxg4 $18) (24... Rg8 $16) 25. Qxf5 $18 (25. Nxf5 Qc5+ 26. Kh2 (26. Re3 Nf6 $14) 26... Rg8 $16 (26... Nxe5 27. fxe5 Qc7 28. e6 $16)) 25... Nxe5 (25... Nc5 26. c4 Qg6 (26... dxc4 $2 {loses.} 27. Rd1 $18) 27. Qxg6 (27. cxd5 Qxf5 28. Rxf5 Kg7 $18) 27... fxg6 28. cxd5 (28. Rxd5 Rxd5 29. cxd5 Ke7 $16) 28... Kf7) 26. fxe5 Qe7 27. e6 (27. Ne6+ Ke8 28. Nxd8 Kxd8 $16) 27... Rd6 28. Qg6 ({Not} 28. Qxf7+ Qxf7 29. Rxf7+ Ke8 $18) (28. Qe5 $142 Rh7 29. Rxf7+ Qxf7 30. exf7 Rxf7 31. Qxd6+ Kg7 32. Qxd5) 28... Ke8 29. Rxf7 (29. Qxf7+ Qxf7 30. Rxf7 Rxe6 31. Rxb7 Rb6 (31... Re1+ $2 32. Kf2 $18) 32. Rxa7 Rg8 33. Ra8+ Kf7 34. Ra7+ Kf6 $15) 29... Qg5 {[%emt 0:00:35] [#]} 30. Rf8+ $3 {[%emt 0:00:00][%mdl 512] Weighted Error Value: White=0.32/Black=0.92  Loses game:     	---       	Black=1      Mistake:       	White=1     	Black=3      Inaccurate:     	White=1     	Black=1      OK:         	White=4     	Black=7      Best:        	White=1     	---} 1-0

[Event "10th Menchik Memorial 2025"]
[Site "London"]
[Date "2025.03.21"]
[Round "3.2"]
[White "Toma, Katarzyna"]
[Black "Van Foreest, Machteld"]
[Result "0-1"]
[Annotator "TA"]
[ECO "C00"]
[WhiteElo "2177"]
[BlackElo "2352"]
[PlyCount "126"]
[EventDate "2025.03.11"]
[EventType "tourn"]
[EventCountry "ENG"]
[SourceTitle "playchess.com"]
[Source "ChessBase"]
[SourceQuality "1"]
[TimeControl "5400+30"]

1. e4 e6 2. d3 c5 3. Nf3 Nc6 4. g3 d5 5. Nbd2 Nf6 6. Bg2 Be7 7. O-O O-O 8. e5 Nd7 9. Re1 b5 10. h4 b4 {[%emt 0:06:44] C00: French: Unusual White 2nd moves.} 11. h5 $146 (11. Nf1 a5 12. N1h2 a4 13. Bg5 a3 14. b3 Ra7 15. Qd2 d4 16. Ng4 Nb6 17. h5 Nd5 18. h6 g6 19. Bxe7 Ncxe7 20. Ng5 Rc7 21. Bxd5 Nxd5 {1-0 Vorobiov,E (2585)-Abergel,T (2464) Pardubice Czech op-A 28th 2017 (9)}) 11... h6 12. Nf1 Qe8 {[%emt 0:02:27] Black is slightly better.} 13. g4 (13. Bf4 $11 {remains equal.}) 13... f6 $17 14. exf6 Bxf6 (14... Nxf6 $5 15. N1h2 Bd6 $17) 15. g5 hxg5 16. Nxg5 Bxg5 ({Black should play} 16... Nb6 $15) 17. Bxg5 $11 {[%emt 0:00:07] A sharp opening} Qf7 18. Qd2 Qxh5 {[%emt 0:12:46] Threatening ...Nde5.} 19. Rxe6 (19. Ng3 Qg6 $15) 19... Nd4 20. Ng3 Qg4 21. Re7 Nb6 {[%emt 0:02:56] [#]} 22. Bh6 $1 $36 {[%emt 0:10:39][%mdl 2048] Black is under pressure. A strong pair of Bishops.} Ne6 {[%emt 0:09:30][%cal Og4g6] [#] Chess con chili.} (22... gxh6 $2 23. Qxh6 Nf3+ (23... Bf5 $2 24. Rae1 $18) 24. Bxf3 Rxf3 25. Kg2 $18) (22... Rf7 23. Rae1) 23. Re1 $1 {[%emt 0:04:51][%cal Oe1e5] Strong Rooks White (e1+e7). White plays in the center} Rf7 $1 24. Re8+ Kh7 (24... Rf8 $14 25. Rxf8+ Kxf8) 25. Be3 $1 $16 Qg6 {[%emt 0:08:24] [#]} (25... Rf6 $142) 26. Qe2 (26. Bxc5 $1 Nxc5 27. Qxb4) 26... Bb7 27. Rxa8 Bxa8 {[%emt 0:00:11] [#]} 28. c3 ({Better is} 28. Bh3 $1 $16) 28... bxc3 (28... d4 {feels hotter.} 29. Bxa8 Nxa8 30. cxd4 cxd4 31. Bd2 Nac7) 29. bxc3 d4 30. Bxa8 Nxa8 31. cxd4 cxd4 32. Bd2 Nac7 33. Qe4 Qxe4 {[%emt 0:01:06] Successful Defense Black} 34. Rxe4 Rf3 35. Bb4 Rxd3 36. Kf1 {[%emt 0:00:59] Ke2 would now be deadly.} Nd5 37. Bd6 (37. Rxe6 $5 Nxb4 38. Ne4 $11) 37... Rd1+ 38. Re1 Rxe1+ 39. Kxe1 $15 {[%emt 0:00:01][%mdl 4096] Endgame KBN-KNN. Black is a pawn up.} Nb6 40. Bb8 a6 41. Kd2 Nc5 42. Ba7 Nc4+ 43. Kd1 Ne6 44. Kc2 Ne5 45. Nf5 (45. Bb8 $11 Nf3 46. Kd3) 45... Nc6 $17 46. Bb6 Kg6 47. Nd6 (47. Ng3 $17 {was called for.}) 47... Kg5 (47... Kf6 $19 {White must now prevent ...Ke5.} 48. Nc4 Nb4+ 49. Kb3 Nd3 50. Bxd4+ Nxd4+ 51. Kc3 Nxf2 52. Kxd4 g5) 48. a3 $2 (48. Kd3 $17) 48... Kf4 $19 49. Kd3 Ke5 50. Nc4+ (50. Ne8 $142) 50... Kd5 51. Nd2 g6 52. Kc2 g5 (52... Ne5 $19 {has better winning chances.} 53. Ba7 Nc4 54. Nxc4 Kxc4) 53. Kd3 {[%emt 0:00:19][%mdl 8192] White does not recover from this.} (53. f3 $17) 53... Ne5+ 54. Kc2 g4 55. Ba5 Nc6 56. Bb6 Ng5 57. Bc7 (57. Kd3 $142) 57... Ne4 58. Nxe4 Kxe4 {[%emt 0:00:03] KB-KN. Black is a pawn up.} 59. Kd2 (59. Kd1 $142 Ne5 60. Bd6) 59... Ne5 60. a4 Nd3 61. a5 Nxf2 {[%emt 0:00:07] Black mates.} 62. Ke2 Nd3 63. Kd2 Nf4 {[%emt 0:00:05] Weighted Error Value: White=0.63/Black=0.25 (precise)   Loses game:     	White=2     	---        Mistake:       	White=8     	Black=5      Inaccurate:     	White=4     	Black=4      OK:         	White=21    	Black=17     Best:        	White=1     	Black=7      Strong:       	White=1     	Black=1} 0-1

[Event "10th Menchik Memorial 2025"]
[Site "London"]
[Date "2025.03.21"]
[Round "3.3"]
[White "Zimina, Olga"]
[Black "Mirzoeva, Elmira"]
[Result "1-0"]
[Annotator "TA"]
[ECO "D05"]
[WhiteElo "2293"]
[BlackElo "2272"]
[PlyCount "61"]
[EventDate "2025.03.11"]
[EventType "tourn"]
[EventCountry "ENG"]
[SourceTitle "playchess.com"]
[Source "ChessBase"]
[SourceQuality "1"]
[TimeControl "5400+30"]

1. d4 Nf6 2. Nf3 b6 3. e3 Bb7 4. Bd3 e6 5. Nbd2 c5 6. O-O Be7 7. c3 d5 8. Ne5 O-O {[%emt 0:01:44] D05: Colle System with ...e6.} 9. Bc2 Nbd7 $146 ({Predecessor:} 9... b5 10. a4 b4 11. cxb4 cxd4 12. exd4 Bxb4 13. Nb3 Nbd7 14. Qd3 Rc8 15. Bg5 Nxe5 16. dxe5 {1-0 Straeter,T (2310)-Schaller,S (2301) Bundesliga 0102 2001 (1.8)}) 10. f4 cxd4 (10... Rc8 $15 {was preferable.}) 11. exd4 $11 Ne4 12. Ba4 (12. Nxe4 $14 dxe4 13. Nxd7 Qxd7 14. Qe2) 12... Ndf6 13. f5 exf5 14. Rxf5 {[%emt 0:00:22] [#]} b5 15. Bb3 (15. Bxb5 Nd6 16. Bd3 Nxf5 17. Bxf5 Bd6 $17) 15... b4 16. Nxe4 Nxe4 17. Qf3 bxc3 (17... Qe8 $11) 18. Rxf7 $14 cxb2 19. Bxb2 Nf6 20. Rxf8+ Qxf8 {[%emt 0:02:27] [#]} 21. Rf1 (21. g4 $1 $16 {[%cal Rg4g5] Black must now prevent g5.} h6 22. h4) 21... Rd8 (21... Qc8 $14) 22. Bc1 (22. g4 $142) 22... Qe8 23. Bg5 a5 (23... Bc8 $142) 24. Qh3 (24. Bc2 $142 Rd6 25. Rb1) 24... Bc8 25. Qh4 {[%emt 0:00:10] White has more active pieces.} h6 $2 {[%emt 0:02:40][%mdl 8192] Black cannot hold the game after this.} ({Better is} 25... Rd6 $1 $14) 26. Bxf6 $18 Bxf6 27. Rxf6 gxf6 28. Qxf6 Qf8 {[%emt 0:01:52] [#]} 29. Nf7 $1 Re8 $2 (29... Rd6 30. Qxd6 Kxf7 31. Bxd5+ (31. Qxd5+ Kg6 $18) 31... Ke8 32. Bc6+ Kf7 33. Qf4+ Kg7 34. Qc7+ Kf6 35. Qe5+ (35. Qxa5 Qd6 $18) 35... Kf7 36. Bd5+ (36. Qxa5 Qe7 $18) 36... Kg6 37. Be4+ Kf7 38. Qxa5 Qd6 39. Qd5+ Qxd5 40. Bxd5+ Ke7) (29... Qxf7 30. Qxd8+) 30. Nxh6+ Kh7 31. Bc2+ {[%emt 0:00:06] Weighted Error Value: White=0.21 (precise) /Black=0.86  Loses game:     	---       	Black=1      Mistake:       	White=4     	Black=6      Inaccurate:     	White=3     	Black=2      OK:         	White=3     	Black=3      Best:        	White=3     	Black=2      Brilliant:      	White=1     	---} 1-0

[Event "10th Menchik Memorial 2025"]
[Site "London"]
[Date "2025.03.21"]
[Round "3.4"]
[White "Sliwicka, Alicja"]
[Black "Unuk, Laura"]
[Result "1-0"]
[Annotator "TA"]
[ECO "C02"]
[WhiteElo "2342"]
[BlackElo "2301"]
[PlyCount "141"]
[EventDate "2025.03.11"]
[EventType "tourn"]
[EventCountry "ENG"]
[SourceTitle "playchess.com"]
[Source "ChessBase"]
[SourceQuality "1"]
[TimeControl "5400+30"]

1. e4 e6 2. d4 d5 3. e5 c5 4. c3 Nc6 5. Nf3 Bd7 6. Be2 Nge7 7. O-O Nf5 8. Na3 cxd4 9. cxd4 Be7 {[%emt 0:01:30][%cal Bf8e7,Be7f6,Bf6e5][%mdl 32] C02: French: Advance Variation.} 10. Bd3 O-O (10... Ncxd4 $6 11. Nxd4 Nxd4 12. Qg4 $16) 11. Nc2 f6 {[%emt 0:05:40] The position is equal.} 12. Bxf5 exf5 13. Bf4 g5 14. exf6 Bxf6 15. Bd6 Re8 16. Ne5 $146 (16. Re1 Re4 17. Qd3 Be8 18. Be5 Be7 19. Ne3 Qd7 20. h3 h5 21. Nd2 f4 22. Nc2 Rxe1+ 23. Rxe1 {½-½ Petrosyan,M (2625)-Tabatabaei,M (2713) Jermuk Avagyan Memorial 2024 (7)}) 16... Be6 17. Ba3 Nxe5 18. dxe5 Bxe5 19. Nd4 Qf6 20. Nf3 Bc7 {[%emt 0:12:02] A strong pair of Bishops.} 21. Bc5 Bb6 (21... Qxb2 22. Bd4 (22. Nxg5 Qf6 $14) 22... Qb4 23. Nxg5 $16) (21... g4 {is interesting.} 22. Bd4 Qh6 23. Ne5 Bf7) 22. Bd4 Bxd4 23. Nxd4 Bf7 24. Qd3 f4 25. Rad1 a6 26. Rd2 Rad8 27. Rfd1 Rd7 28. h4 Rde7 {[%emt 0:05:33] And now ...Re1+ would win.} 29. Qf5 Re1+ 30. Rxe1 $1 Rxe1+ 31. Kh2 Qxf5 32. Nxf5 $15 {[%emt 0:00:09][%mdl 4096] Endgame KRB-KRN. Black is a pawn up.} Re5 33. Nd6 b5 34. hxg5 Rxg5 35. Rd4 f3 36. gxf3 Be6 37. f4 Rg4 38. f3 Rh4+ 39. Kg3 Rh3+ 40. Kg2 {[%emt 0:00:02] [#]} Rh4 41. Nb7 Kg7 42. Nc5 Bc8 43. Nd3 Bb7 44. Kg3 Rh1 45. Nc5 Bc6 46. Nxa6 Rg1+ 47. Kf2 Rb1 48. Rd2 Kf6 49. Nb4 Bb7 50. Nd3 (50. Nxd5+ $6 Bxd5 51. Rxd5 Rxb2+ 52. Kg3 Rxa2 $11) (50. b3 $16 {[%cal Od2c2] and Rc2! should not be overlooked} Ke6 51. f5+ Kd6 52. Re2) 50... h5 $14 51. Ke3 d4+ 52. Kxd4 Bxf3 53. Kc5 Be4 54. Nf2 (54. Kxb5 Bxd3+ 55. Rxd3 Rxb2+ 56. Kc4 Rxa2) 54... Bg2 55. Nd1 Bf1 (55... Bf3 $11 {and Black stays safe.} 56. Nc3 Ra1) 56. Ne3 (56. Nc3 $18 Rc1 57. Rh2) 56... Rc1+ 57. Kb4 {[%emt 0:00:00] [#] White is more active.} Bc4 (57... Bh3 $16) 58. b3 $2 ({White must play} 58. a4 $18) 58... Be6 $1 59. Kxb5 Re1 (59... h4 $14) 60. Ng2 $2 (60. Nc4 $16) 60... Rb1 $2 (60... Rh1 $1 $11) 61. b4 $18 Kf5 $2 (61... Rh1) 62. a4 Kg4 63. a5 Bc8 64. Rd8 Bb7 65. Rg8+ Kf5 66. Rg5+ Kf6 67. Nh4 Rf1 68. Rf5+ (68. Rxh5 Rxf4 $16) (68. a6 Bxa6+ 69. Kxa6 Rxf4 $16) 68... Ke6 69. a6 (69. Rxh5 Rxf4 70. Ng6 (70. Rh7 Be4 $16) 70... Rd4 71. Nf8+ Kf6 72. Rh6+ Ke5 $18) 69... Bd5 70. Re5+ (70. Rxh5 Rxf4 71. a7 (71. Rh6+ Kf7 $18) 71... Bb7 $18) 70... Kd6 71. Nf5+ {[%emt 0:00:04] Weighted Error Value: White=0.24 (precise) /Black=0.29 (precise)   Loses game:     	---       	Black=2      Missed win:     	White=1     	---        Mistake:       	White=4     	Black=3      Inaccurate:     	White=4     	Black=6      OK:         	White=22    	Black=14     Best:        	White=6     	Black=2      Strong:       	White=1     	Black=1} 1-0

[Event "10th Menchik Memorial 2025"]
[Site "London"]
[Date "2025.03.21"]
[Round "3.5"]
[White "Hunt, Harriet V"]
[Black "Schulze, Lara"]
[Result "1-0"]
[Annotator "TA"]
[ECO "B23"]
[WhiteElo "2296"]
[BlackElo "2313"]
[PlyCount "89"]
[EventDate "2025.03.11"]
[EventType "tourn"]
[EventCountry "ENG"]
[SourceTitle "playchess.com"]
[Source "ChessBase"]
[SourceQuality "1"]
[TimeControl "5400+30"]

1. e4 c5 2. Nc3 Nc6 3. Bb5 Nd4 4. Nf3 a6 5. Bd3 g6 6. b4 {[%emt 0:01:06] B23: Closed Sicilian: Lines without g3.} d6 7. Rb1 Nf6 8. O-O {[%emt 0:25:15] The position is equal.} Bg7 9. h3 O-O 10. Re1 cxb4 $146 (10... Nd7 11. Bf1 Ne5 12. Nxe5 Bxe5 13. bxc5 dxc5 14. Na4 Bc7 15. d3 b5 16. Nc3 Be6 {1-0 Bauml,B (1992)-Tyrrell,B (1855) Dulles Skyline op 3rd 2024 (7)}) 11. Rxb4 Nc6 12. Rb1 d5 13. Ba3 (13. Nxd5 $14 Nxd5 14. exd5 Qxd5 15. Bb2) 13... dxe4 14. Nxe4 Nxe4 (14... Qc7 $11) 15. Bxe4 $14 Re8 16. c3 (16. c4 $5) 16... Qc7 17. Bc5 Rb8 (17... e5 $14) 18. Bb6 $16 Qf4 19. Qa4 Qd6 20. d4 Bd7 21. Qb3 Qf4 22. Bd5 e6 23. Be4 Rbc8 24. Bc5 (24. a4 $16) 24... b5 $11 25. Qa3 Qc7 26. Bd6 Qa5 27. Qb2 Qb6 28. Bc5 Qc7 29. Nd2 e5 30. d5 (30. Rbd1 $11 {keeps the balance.}) 30... Na5 ({Black should try} 30... Nd8 $1 $17 31. Bb4 a5) 31. Bb4 $15 Nc4 (31... Nb7 $11) 32. Nxc4 $14 Qxc4 33. Rbd1 (33. Qa3 $14) 33... Qc7 34. d6 $36 {[%emt 0:00:58][%mdl 2048] White has the initiative.} Qb6 35. Qa3 $1 Bf8 (35... Bf6 $14) 36. Bd5 $16 Kg7 37. Re3 f6 ({Don't blunder} 37... a5 $2 38. Qxa5 Qb8 (38... Qxa5 $2 39. Bxa5 Ra8 40. Bxa8 $18) 39. Qa6 $18) 38. Qb3 (38. Ree1 $16) 38... a5 (38... Bxd6 $2 39. Bxd6 Qxd6 40. Bb7 $18) 39. Ba3 a4 (39... Bxd6 $2 40. Bxd6 (40. Bf7 a4 $15) 40... Qxd6 41. Bb7 $18) (39... Red8 $14) 40. Qb4 {[%emt 0:00:16] Hoping for c4.} Rb8 41. Rf3 $1 {[%emt 0:00:41] White is more active.} Red8 $2 {[%emt 0:00:37][%mdl 8192] [#] A mistake that costs the game.} (41... e4 $16 42. Re3 (42. Bxe4 Re6 $18) 42... Red8 43. Bxe4 (43. Qxe4 Bxd6 44. Bxd6 Qxd6 $16) (43. Rxe4 Bf5 $18) 43... Re8) 42. Qh4 $1 $18 Bf5 {[%emt 0:00:23] [#]} (42... f5 $142 43. Re3 Re8 (43... Bxd6 $2 {perishes.} 44. Bg8 $18)) 43. Rxf5 $1 Bxd6 (43... Kh8 44. Rxf6) 44. Qxf6+ Kh6 45. Bc1+ {[%emt 0:00:08] Weighted Error Value: White=0.16 (very precise) /Black=0.52  Loses game:     	---       	Black=1      Mistake:       	White=5     	Black=7      Inaccurate:     	White=4     	Black=8      OK:         	White=13    	Black=15     Best:        	White=3     	---        Strong:       	White=3     	---        Brilliant:      	White=1     	---} 1-0